 Dungeon Crawl Stone Soup version 0.21.1-1-g345015f (webtiles) character file.

189 inc the Ducker (level 5, -2/21 HPs)
             Began as a Felid Ice Elementalist on Feb 22, 2018.
             Was a Follower of Nemelex Xobeh.
             Slain by an ogre
             ... wielding a +0 giant club
              (9 damage)
             ... on level 7 of the Dungeon.
             The game lasted 00:14:00 (5347 turns).

inc the Ducker (Felid Ice Elementalist)             Turns: 5347, Time: 00:14:01

Health: -2/21      AC:  7    Str:  4    XL:     5   Next: 40%
Magic:  4/9        EV: 24    Int: 18    God:    Nemelex Xobeh [*.....]
Gold:   233        SH:  0    Dex: 17    Spells: 4/8 levels left
                                        Lives:  0   Deaths: 1

rFire    . . .     SeeInvis +     - Unarmed
rCold    . . .     Gourm    .   (shield unavailable)
rNeg     . . .     Faith    .   (armour unavailable)
rPois    .         Spirit   .   (helmet unavailable)
rElec    .         Reflect  .   (cloak unavailable)
rCorr    .         Harm     .   (gloves unavailable)
MR       .....                  (boots unavailable)
Stlth    +++.......             (no amulet)
HPRegen  0.07/turn              i - +4 ring of evasion
MPRegen  0.11/turn              (no ring)

@: icy armour, quick
A: very small, no armour, no weapons or thrown items, stealth, claws 1, fangs 3,
see invisible, carnivore, speed 1, shaggy fur 2, slow metabolism 1, sharp paws
a: Renounce Religion


You were on level 7 of the Dungeon.
You worshipped Nemelex Xobeh.
Nemelex Xobeh was aware of your devotion.
You were not hungry.

You visited 1 branch of the dungeon, and saw 6 of its levels.

You collected 233 gold pieces.

Inventory:

Jewellery
 i - a +4 ring of evasion (left paw)
 n - an uncursed amulet of harm
 p - an uncursed ring of resist corrosion {unknown}
Scrolls
 c - 2 scrolls of identify
 f - 3 scrolls of fear
 j - a scroll of noise {unknown}
 k - a scroll of teleportation {unknown}
 m - 3 scrolls of remove curse {unknown}
 s - a scroll of summoning {unknown}
Potions
 d - a potion of might {unknown}
 e - 4 potions of curing
 g - a potion of mutation {unknown}
 h - 2 potions of lignification
 o - a potion of resistance {unknown}
 r - a potion of cancellation {unknown}
Books
 a - a book of Frost

   Spells                             Type                      Level
   a - Freeze                         Ice                          1
   b - Throw Frost                    Conjuration/Ice              2
   c - Ozocubu's Armour               Charms/Ice                   3
   d - Throw Icicle                   Conjuration/Ice              4
   e - Summon Ice Beast               Ice/Summoning                4
Miscellaneous
 l - a plain deck of escape {drawn: 1}
 q - a plain deck of summoning {drawn: 7}
Comestibles
 b - 2 rations


   Skills:
 - Level 5.2 Dodging
 - Level 2.6 Stealth
 + Level 2.9 Unarmed Combat
 - Level 2.0 Spellcasting
   Level 0.8 Conjurations
 - Level 3.2 Ice Magic
 - Level 3.4 Invocations


You had 4 spell levels left.
You knew the following spells:

 Your Spells              Type           Power        Failure   Level  Hunger
a - Freeze                Ice            ##..         4%          1    #......
b - Ozocubu's Armour      Chrm/Ice       #.......     28%         3    ###....


Dungeon Overview and Level Annotations

Branches:
Dungeon (5/15)
 Temple: D:4-7

Altars:
Cheibriados
Dithmenos
Elyvilon
Fedhas
Hepliaklqana
Nemelex Xobeh
Qazlal
Ru
Vehumet
Xom
Yredelemnul

Shops:
D:4 *

Annotations:
D:4 Menkaure


Innate Abilities, Weirdness & Mutations

You cannot wear armour.
You are incapable of wielding weapons or throwing items.
Your paws allow you to move quietly. (Stealth)
You have sharp claws.
You have razor-sharp teeth.
You have supernaturally acute eyesight. (SInv)
You are carnivorous and can eat meat at any time.
You cover ground quickly.
You are covered in thick fur. (AC +2)
You have a slow metabolism.
Your sharp claws are effective at attacking unaware monsters.


Message History

Aiming: Freeze
Press: ? - help, Shift-Dir - straight line, f - ogre
Aim: an ogre, wielding a giant club (severely wounded)
You freeze the ogre.
The ogre is severely wounded.
Casting: Freeze
Confirm with . or Enter, or press ? or * to list all spells.
A film of ice covers your body! The ogre hits you with a giant club!
Ouch! That really hurt!
You see here 12 gold pieces.
Casting: Ozocubu's Armour
Confirm with . or Enter, or press ? or * to list all spells.
Aiming: Freeze
Press: ? - help, Shift-Dir - straight line, f/p - ogre
Aim: an ogre, wielding a giant club (severely wounded)
You freeze the ogre.
The ogre is almost dead.
The ogre hits you with a giant club!
You die...
Your body disappears without a glow.

##### ### #...#
#<#
####.#.####.##
#[...#.......#
####@########.#.#
## #...O# #.#.#
#. #.......#
#.#.# #.
#...###.#
#.#.####. #... ..
#.#...... #... .#
#.####### ####
..#.####### .
...... ######


You could see an ogre.

Vanquished Creatures
  2 scorpions
  A howler monkey (D:5)
  A hound (D:4)
  An iguana (D:4)
  A worker ant (D:4)
  6 adders
  A worm (D:5)
  A dart slug (D:1)
  An orc (D:5)
  A ball python (D:2)
  7 bats
  A giant cockroach (D:1)
  2 gnoll zombies (D:5)
  6 goblins
  4 hobgoblins
  4 jackals
  2 quokkas
  2 frilled lizards
  8 kobolds
  A leopard gecko skeleton (D:7)
  A quokka skeleton (D:2)
  4 rats
58 creatures vanquished.

Notes
Turn   | Place    | Note
-------+----------+-------------------------------------------
     0 | D:1      | inc the Felid Ice Elementalist began the quest for the Orb.
     0 | D:1      | Reached XP level 1. HP: 7/7 MP: 4/4
   252 | D:1      | Reached XP level 2. HP: 5/11 MP: 0/6
   527 | D:1      | Reached skill level 1 in Unarmed Combat
  1094 | D:2      | Reached XP level 3. HP: 7/14 MP: 3/7
  1297 | D:2      | Found a shadowy altar of Dithmenos.
  1373 | D:2      | Learned a level 3 spell: Ozocubu's Armour
  1672 | D:3      | Reached skill level 3 in Dodging
  1774 | D:4      | Reached skill level 4 in Dodging
  1774 | D:4      | Reached XP level 4. HP: 18/18 MP: 0/8
  1894 | D:4      | Noticed a necrophage
  1904 | D:5      | Entered Level 5 of the Dungeon
  1962 | D:4      | Noticed Menkaure
  2383 | D:5      | Found a shimmering altar of Xom.
  2466 | D:5      | Found a basalt altar of Yredelemnul.
  2525 | D:5      | Found a sparkling altar of Nemelex Xobeh.
  2546 | D:5      | Became a worshipper of Nemelex Xobeh the Trickster
  2561 | D:5      | Reached skill level 5 in Dodging
  2561 | D:5      | Reached skill level 1 in Invocations
  2628 | D:5      | Reached XP level 5. HP: 7/21 MP: 1/9
  2997 | D:5      | Noticed a phantom
  3084 | D:5      | Received a gift from Nemelex Xobeh
  3178 | D:4      | Found Timeecir's General Store.
  3686 | D:3      | Found a stormy altar of Qazlal.
  3722 | D:3      | Found a radiant altar of Vehumet.
  3971 | D:2      | Reached * piety under Nemelex Xobeh
  4135 | D:2      | Received a gift from Nemelex Xobeh
  4167 | D:2      | Gained mutation: You are covered in thick fur. (AC +2) [Felid growth]
  4167 | D:2      | Reached XP level 6. HP: 24/24 MP: 8/10
  4532 | D:2      | Found a snail-covered altar of Cheibriados.
  4816 | D:5      | You fall through a shaft for 2 floors!
  4816 | D:7      | Found a hazy altar of Hepliaklqana.
  4816 | D:7      | Found a sacrificial altar of Ru.
  4854 | D:7      | Found a white marble altar of Elyvilon.
  4866 | D:7      | Noticed a red devil
  4867 | D:7      | Slain by a red devil
  4868 | D:7      | Reached XP level 5. HP: -2/21 MP: 9/9
  5072 | D:7      | Found a blossoming altar of Fedhas.
  5341 | D:7      | Noticed an ogre
  5347 | D:7      | Slain by an ogre

Skill      XL: |  1  2  3  4  5 |
---------------+----------------+-----
Ice Magic      | 3 |  3.2
Unarmed Combat | 2 |  2.9
Dodging        | 4 5 |  5.2
Invocations    | 1 3 |  3.4
Stealth        | |  2.6
Spellcasting   | |  2.0
Conjurations   | |  0.8

Action                   |  1- 3 |  4- 6 || total
-------------------------+-------+-------++-------
Melee: Unarmed           |    17 |   103 ||   120
       Bite              |     1 |     9 ||    10
 Cast: Freeze            |    35 |    66 ||   101
       Ozocubu's Armour  |     1 |    11 ||    12
Evoke: Deck              |       |     8 ||     8
  Use: Scroll            |       |     4 ||     4
 Stab: Sleeping          |     6 |     8 ||    14
  Eat: Chunk             |     6 |     4 ||    10
       Ration            |       |     1 ||     1
Armor: Skin              |     2 |    12 ||    14
Dodge: Dodged            |    38 |   151 ||   189
